 Dungeon Crawl Stone Soup version 0.25-a0-578-gc91f01c39c (webtiles) character file.

Game seed: 11665037436534156093, levelgen mode: deterministic

707 dungeonSynth the Shield-Bearer (level 7, -7/52 HPs)
             Began as a Barachi Fighter on Mar 5, 2020.
             Killed by nerve-wracking pain
             ... invoked by Grinder
              (10 damage)
             ... on level 4 of the Dungeon.
             The game lasted 00:10:18 (3901 turns).

dungeonSynth the Shield-Bearer (Barachi Fighter)    Turns: 3901, Time: 00:10:19

Health: -7/52      AC: 11    Str: 20    XL:     7   Next: 67%
Magic:  7/7        EV:  8    Int: 10    God:
Gold:   175        SH: 10    Dex: 11    Spells: 6/6 levels left

rFire    . . .     SeeInvis .   a - +1 war axe
rCold    + + .     Gourm    .   c - +0 kite shield
rNeg     . . .     Faith    .   b - +0 scale mail
rPois    .         Spirit   .   (helmet restricted)
rElec    .         Reflect  .   B - +1 cloak
rCorr    .         Harm     .   s - +0 pair of gloves
MR       .....                  h - +0 pair of boots
Stlth    ..........             (no amulet)
HPRegen  0.17/turn              r - ring of protection from cold
MPRegen  0.10/turn              v - ring of protection from cold

@: mighty, very slightly contaminated, invisible, slow
A: +LOS, swims, hooves 1, horns 1, clever 1, deterioration 1, slowness 1, strong
legs 1
a: Hop


You were on level 4 of the Dungeon.
You were very hungry.

You visited 1 branch of the dungeon, and saw 4 of its levels.
You also visited: Sewer.

You collected 175 gold pieces.

Inventory:

Hand Weapons
 a - a +1 war axe (weapon)
 g - a +0 spear
 k - a +2 whip of venom
Missiles
 t - 13 poisoned darts (quivered)
 w - a throwing net
Armour
 b - a +0 scale mail (worn)
 c - a +0 kite shield (worn)
 h - a +0 pair of boots (worn)
 s - a +0 pair of gloves (worn)
 B - a +1 cloak (worn)
Jewellery
 r - a ring of protection from cold (left hand)
 v - a ring of protection from cold (right hand)
 y - an uncursed ring of magical power
Wands
 j - a wand of random effects (20)
Scrolls
 i - 3 scrolls of remove curse
 l - 3 scrolls of teleportation {unknown}
 n - a scroll of noise {unknown}
 o - a scroll of random uselessness {unknown}
 p - 3 scrolls of identify
 u - 2 scrolls of enchant armour {unknown}
 x - a scroll of magic mapping {unknown}
 z - a scroll of fear {unknown}
 A - 2 scrolls of enchant weapon
Potions
 e - 4 potions of curing
 m - 3 potions of flight
 C - a potion of haste {unknown}
 D - a potion of lignification {unknown}
Comestibles
 f - 8 rations


   Skills:
 - Level 3.6 Fighting
 - Level 6.4 Axes
 - Level 3.6 Armour
 + Level 7.3 Shields


You had 6 spell levels left.
You didn't know any spells.
Your spell library was empty.

Dungeon Overview and Level Annotations

Branches:
Dungeon (4/15)              Sewer (visited)
 Temple: D:4-7

Altars:
Xom

Annotations:
D:4 Grinder


Innate Abilities, Weirdness & Mutations

You can be seen from farther away. (+LOS)
You can swim through water.
You cover ground slowly.
You can hop short distances.
You have large cloven feet.
You have a pair of small horns on your head.
Your mind is acute. (Int +2)
Your body sometimes deteriorates upon taking damage.


Message History

Grinder hits you!
You writhe in agony.
You can move again.
You closely miss Grinder. You headbutt Grinder!
Grinder is severely wounded.
You block Grinder's attack.
You barely miss Grinder. You headbutt Grinder!
Grinder is almost dead.
Grinder hits you.
* * * LOW HITPOINT WARNING * * *
You writhe in agony.
* * * LOW HITPOINT WARNING * * *
You barely miss Grinder.
Grinder is almost dead.
Grinder gestures at you. Pain shoots through your body!
* * * LOW HITPOINT WARNING * * *
Grinder says, "Tell me all your secrets, or I'll kill you."
Grinder gestures at you. Pain shoots through your body!
You die...

#....# ### #....# ###.#
#....### ###...# #......#
##### ##...#.# #....#.####
#...#### #..###.###
##.....(...###.#....####.##
#....
...............####..#...#
#####
##....##.....#...5.#.#.###
###.###.[.#....@#.#...##
#...#######...#......#########
###......###......5#...##.....
######.# #.####.......#.=...
#.###..###..###.[......
#......................
######(.##.#.####......
###.#..#.# #...... ##
###.....##.# #......


You could see Grinder.

Vanquished Creatures
  Sigmund (D:4)
  Duvessa (D:4)
  A phantom (D:4)
  A big kobold (Sewer)
  Dowan (D:4)
  A jelly (D:4)
  An orc priest (D:3)
  7 adders
  3 river rats (Sewer)
  A worm (D:2)
  3 dart slugs
  A leopard gecko (D:3)
  7 orcs
  A ball python (D:2)
  2 giant cockroaches (D:1)
  6 hobgoblins
  8 jackals
  A quokka (D:3)
  11 bats
  4 frilled lizards
  9 goblins
  14 kobolds
  4 rats
89 creatures vanquished.

Notes
Turn   | Place    | Note
-------+----------+-------------------------------------------
     0 | D:1      | dungeonSynth the Barachi Fighter began the quest for the
                  | Orb.
     0 | D:1      | Reached XP level 1. HP: 18/18 MP: 1/1
   126 | D:1      | Reached XP level 2. HP: 12/24 MP: 2/2
   952 | D:2      | Reached XP level 3. HP: 29/29 MP: 3/3
  1792 | D:2      | Reached XP level 4. HP: 36/36 MP: 4/4
  1985 | D:3      | Reached skill level 5 in Axes
  2048 | D:3      | Found a shimmering altar of Xom.
  2062 | D:3      | Found a glowing drain.
  2089 | Sewer    | Entered a sewer
  2102 | Sewer    | Reached XP level 5. HP: 37/41 MP: 5/5
  2179 | Sewer    | Noticed a big kobold
  2195 | Sewer    | Killed a big kobold
  2233 | Sewer    | Found a glowing silver altar of Zin.
  2413 | D:3      | Found a faded altar of an unknown god.
  2493 | D:3      | Reached XP level 6. HP: 42/47 MP: 6/6
  2496 | D:3      | Reached skill level 4 in Shields
  3172 | D:4      | Noticed Sigmund
  3187 | D:4      | Killed Sigmund
  3187 | D:4      | Reached skill level 5 in Shields
  3193 | D:4      | Noticed Duvessa
  3193 | D:4      | Noticed Dowan
  3196 | D:4      | Gained mutation: Your body sometimes deteriorates upon
                  | taking damage. [potion of mutation]
  3196 | D:4      | Gained mutation: You have large cloven feet. [potion of
                  | mutation]
  3196 | D:4      | Gained mutation: You have a pair of small horns on your
                  | head. [potion of mutation]
  3196 | D:4      | Gained mutation: Your mind is acute. (Int +2) [potion of
                  | mutation]
  3200 | D:4      | Reached XP level 7. HP: 52/52 MP: 7/7
  3209 | D:4      | Killed Duvessa
  3209 | D:4      | Reached skill level 6 in Shields
  3239 | D:4      | Killed Dowan
  3263 | D:4      | Reached skill level 7 in Shields
  3505 | D:4      | Noticed Grinder
  3892 | D:4      | Paralysed by Grinder for 7 turns
  3901 | D:4      | Killed from afar by Grinder

Levels and vault maps discovered:
D:1:      minmay_arrival_three_doors, layout_loops_ring, st_stairs_4
D:2:      layout_basic
D:3:      layout_basic, portal_sewer_entry_d, chequers_ecumenical_altar_grove,
          first_ration, xom_teletrap_fun
D:4:      layout_rooms, uniq_grinder, uniq_sigmund, uniq_duvessa

Skill      XL: |  1  2  3  4  5  6  7 |
---------------+----------------------+-----
Axes           | 3 4 5 6 |  6.4
Shields        | 5 7 |  7.3
Fighting       | |  3.6
Armour         | |  3.6

Action                   |  1- 3 |  4- 6 |  7- 9 || total
-------------------------+-------+-------+-------++-------
Melee: War axe           |    31 |       |    23 ||    54
       Spear             |    69 |       |       ||    69
       Whip              |    39 |   123 |    30 ||   192
       Headbutt          |       |     1 |     8 ||     9
 Abil: Hop               |       |       |     1 ||     1
  Use: Scroll            |     3 |       |     1 ||     4
       Potion            |       |     3 |     2 ||     5
  Eat: Chunk             |     3 |     6 |     1 ||    10
Armor: Scale mail        |    57 |    54 |    24 ||   135
Dodge: Dodged            |    43 |    32 |    11 ||    86
Block: Kite shield       |    59 |    61 |    24 ||   144

Table legend:
 A = Non-vault XP
 B = Vault XP
 C = Vault XP percentage of total XP
 D = Non-vault monster count
 E = Vault monster count
 F = Vault count percentage of total count
                 A         B        C        D         E       F
            +---------+---------+-------+---------+---------+-------
      Total |     408 |     602 |  59.6 |      72 |      17 |  19.1
            +---------+---------+-------+---------+---------+-------
        D:1 |      27 |       4 |  12.9 |      19 |       1 |   5.0
        D:2 |      61 |       0 |   0.0 |      20 |       0 |   0.0
        D:3 |     113 |      13 |  10.3 |      21 |       1 |   4.5
        D:4 |     207 |     431 |  67.6 |      12 |       3 |  20.0
      Sewer |       0 |     154 | 100.0 |       0 |      12 | 100.0
            +---------+---------+-------+---------+---------+-------
